 Dungeon Crawl Stone Soup version 0.30-a0-1043-g60ff8d5f49 (webtiles) character file.

Game seed: 17754138541161801463

696 ryw the Cutter (level 7, -1/58 HPs)
             Began as a Demigod Brigand on Apr 10, 2023.
             Succumbed to a killer bee's poison
             ... on level 6 of the Dungeon.
             The game lasted 00:13:34 (7078 turns).

ryw the Cutter (Demigod Brigand)                    Turns: 7078, Time: 00:13:35

Health: -1/58      AC:  5    Str: 12    XL:     7   Next: 14%
Magic:  11/11      EV: 13    Int: 17    God:
Gold:   169        SH:  0    Dex: 19    Spells: 6/8 levels left

rFire   . . .      SeeInvis .    a - +2 dagger
rCold   . . .      Faith    .    (no shield)
rNeg    . . .      Spirit   .    b - +0 robe
rPois   .          Reflect  .    h - +2 hat
rElec   .          Rampage  .    c - +0 cloak
rCorr   .                        (no gloves)
Will    .....                    (no boots)
Stlth   +                        (no amulet)
HPRegen 0.29/turn                (no ring)
MPRegen 0.12/turn                (no ring)

@: confused, lethally poisoned (-1 -> -20), ambrosia-drunk, hasted, very quick
A: high MP 1, forlorn, divine attributes
a: no special abilities


You were on level 6 of the Dungeon.
You visited 2 branches of the dungeon, and saw 7 of its levels.

You collected 169 gold pieces.

Inventory:

Hand Weapons
 a - a +2 dagger (weapon)
 t - the +1 spear of the Unkillable {heavy, Fragile rC+ Int+5}
   (You found it on level 4 of the Dungeon)

   Int:       It affects your intelligence (+5).
   rC:        It protects you from cold.
   Fragile:   It will be destroyed if unequipped.
Missiles
 j - 3 poisoned darts (quivered)
 m - 3 javelins
 n - a curare-tipped dart
Armour
 b - a +0 robe (worn)
 c - a +0 cloak (worn)
 h - a +2 hat (worn)
 r - the +0 pair of gloves of Insecurity {rElec Dex-2 SInv}
   (You found it on level 4 of the Dungeon)

   Dex:       It affects your dexterity (-2).
   rElec:     It insulates you from electricity.
   SInv:      It lets you see invisible.
Magical Staves
 k - a staff of poison
Jewellery
 e - an amulet of magic regeneration
 s - an amulet of the acrobat
Scrolls
 d - a scroll of blinking {unknown}
 f - 7 scrolls of identify
 i - a scroll of fear
 o - 2 scrolls of teleportation
 u - a scroll of fog {unknown}
Potions
 g - a potion of lignification


   Skills:
 + Level 3.7 Fighting
 * Level 5.0 Short Blades
 - Level 2.0 Throwing
 + Level 3.2 Dodging
 - Level 4.0 Stealth
 + Level 1.3 Spellcasting
 + Level 1.4 Translocations


You had 6 spell levels left.
You knew the following spells:

 Your Spells              Type           Power      Damage    Failure   Level
a - Blink                 Tloc           10%        N/A       19%         2

Your spell library contained the following spells:

 Spells                   Type           Power      Damage    Failure   Level
 Sandblast                Erth           2%         2d4       21%         1
 Sting                    Tmut/Pois      4%         1d3       21%         1
 Passwall                 Tmut/Erth      0%         N/A       30%         2
 Poisonous Vapours        Pois/Air       2%         N/A       30%         2
 Gell's Gravitas          Tloc           5%         N/A       34%         3
 Teleport Other           Tloc           5%         N/A       34%         3
 Stone Arrow              Conj/Erth      2%         3d7       52%         3
 Manifold Assault         Tloc           5%         N/A       75%         4
 Olgreb's Toxic Radiance  Pois           1%         N/A       90%         4
 Dispersal                Tloc           2%         N/A       100%        6
 Storm Form               Tmut/Air       0%         N/A       100%        7


Dungeon Overview and Level Annotations

Branches:
Dungeon (6/15)             Temple (1/1) D:5

Shops:
D:2 (   D:3 [[!((


Innate Abilities, Weirdness & Mutations

You have an increased reservoir of magic. (+10% MP)
You shall have no god before yourself.
Your divine heritage dramatically boosts your attributes as you level up.


Message History

The killer bee stings you!
* * * LOW HITPOINT WARNING * * *
The killer bee stings you but does no damage.
You hit the killer bee but do no damage.
The killer bee is severely wounded.
The killer bee misses you.
You miss the killer bee.
The killer bee is severely wounded.
The killer bee stings you but does no damage.
You hit the killer bee.
The killer bee is almost dead.
The killer bee stings you.
* * * LOW HITPOINT WARNING * * *
You are poisoned.
The killer bee poisons you! The killer bee stings you.
* * * LOW HITPOINT WARNING * * *
You are confused.
You feel invigorated.
You feel sick. The killer bee closely misses you. The killer bee stings you.
* * * LOW HITPOINT WARNING * * *
You miss the killer bee.
The killer bee is almost dead.
The killer bee stings you.
* * * LOW HITPOINT WARNING * * *
The killer bee misses you.
You bump into the rock wall.
You feel sick. The killer bee closely misses you.
The killer bee barely misses you.
It was a potion of haste.
You feel yourself speed up.
You feel sick. The killer bee stings you.
* * * LOW HITPOINT WARNING * * *
You are lethally poisoned!
The killer bee poisons you! The killer bee stings you.
* * * LOW HITPOINT WARNING * * *
You are more poisoned.
The killer bee poisons you!
Okay, then.
You are too confused!
Unknown command.
Okay, then.
You die...

... ####...#
##...## #.. ....
#...# #.....##
##. ..... ##..#
#......# ##
#.....#####
#..## #......##
#
#.......####...#
#.......##
##........##...#
#......†.###
##........#...#
#.........##
#........#...#
#.........#.
#.........@..#
#........#..
#..........y..#
##..........
#########.##<##
###########
######


You could see a killer bee.

Vanquished Creatures
  Grinder (Temple)
  A black bear (D:4)
  A scorpion (D:5)
  3 hounds
  2 orc priests
  6 adders
  A gnoll (D:5)
  4 river rats (D:5)
  A worm (D:2)
  3 dart slugs
  8 orcs
  7 bats
  5 endoplasms
  2 giant cockroaches
  11 goblins
  10 hobgoblins
  12 jackals
  10 kobolds
  3 quokkas
  7 ball pythons
  2 frilled lizards
  3 rats
103 creatures vanquished.

Vanquished Creatures (others)
  42 plants
42 creatures vanquished.

Grand Total: 145 creatures vanquished

Notes
Turn   | Place    | Note
-------+----------+-------------------------------------------
     0 | D:1      | ryw the Demigod Brigand began the quest for the Orb.
     0 | D:1      | Reached XP level 1. HP: 17/17 MP: 3/3
    82 | D:1      | Reached skill level 1 in Dodging
   115 | D:1      | Reached skill level 2 in Short Blades
   197 | D:1      | Reached XP level 2. HP: 22/24 MP: 4/4
  1144 | D:2      | Reached XP level 3. HP: 19/29 MP: 5/5
  1318 | D:2      | Found Riako's Antique Weapon Shoppe.
  2060 | D:3      | Found Uquyhe Vube's Armour Shoppe.
  2254 | D:3      | Found Doruneot's Weapon Shop.
  2320 | D:3      | Reached XP level 4. HP: 16/37 MP: 6/6
  2330 | D:3      | Reached skill level 3 in Short Blades
  2720 | D:3      | Found Lomagi's Armour Shoppe.
  2723 | D:3      | Found Jamn's Distillery.
  2899 | D:3      | Found Luapruzu's Weapon Emporium.
  2996 | D:4      | Noticed a black bear
  3199 | D:4      | Identified the +0 pair of gloves of Insecurity {rElec Dex-2
                  | SInv}
  3309 | D:4      | Reached XP level 5. HP: 18/44 MP: 7/7
  4132 | D:4      | Killed a black bear
  4133 | D:4      | Reached skill level 4 in Short Blades
  4133 | D:4      | Reached XP level 6. HP: 44/51 MP: 8/8
  4183 | D:4      | Learned a level 2 spell: Blink
  4238 | D:4      | Identified the +1 spear of the Unkillable {heavy, Fragile
                  | rC+ Int+5}
  4477 | D:5      | Entered Level 5 of the Dungeon
  4817 | D:5      | Found a staircase to the Ecumenical Temple.
  4829 | D:5      | Noticed Grinder
  4840 | D:5      | Paralysed by Grinder for 5 turns
  4859 | D:5      | Paralysed by Grinder for 5 turns
  5100 | D:5      | Noticed a +0 short sword
  5100 | D:5      | Noticed a +0 spear
  5101 | D:5      | Noticed a +0 falchion
  5101 | D:5      | Noticed a +0 dagger
  5101 | D:5      | Noticed a +0 dagger
  5101 | D:5      | Noticed a +0 short sword
  5101 | D:5      | Noticed a +0 spear
  5101 | D:5      | Noticed a +0 falchion
  6314 | D:5      | Paralysed by Grinder for 4 turns
  6331 | Temple   | Entered the Ecumenical Temple
  6336 | Temple   | Paralysed by Grinder for 4 turns
  6343 | Temple   | HP: 2/51 [Grinder/nerve-wracking pain (7)]
  6349 | Temple   | Paralysed by Grinder for 4 turns
  6356 | Temple   | Killed Grinder
  6357 | Temple   | Reached skill level 5 in Short Blades
  6357 | Temple   | Reached skill level 1 in Spellcasting
  6357 | Temple   | Reached skill level 1 in Translocations
  6357 | Temple   | Reached XP level 7. HP: 44/58 MP: 9/11
  7077 | D:6      | HP: 1/58 [killer bee (6)]
  7078 | D:6      | Succumbed to a killer bee's poison

Illustrated notes

Levels and vault maps discovered:
D:1:      enne_arrival_octagon_isle, layout_basic, minmay_misc_feat_rugged
D:2:      layout_basic, serial_shops, nicolae_shop_hallway_plus
D:3:      layout_loops_cross, nicolae_hepliaklqana_hazy_memory, fedhas_altar_4,
          bloody_makhleb, serial_shops, nicolae_shop_stone,
          nicolae_shop_advertising_works [nicolae_subvault_shop_adworks],
          nicolae_square_shop, nicolae_shop_statue_plus, shop_fountains
D:4:      minmay_inner_zag, layout_gridville,
          gammafunk_temple_overflow_elements, kennysheep_okawaru_gauntlet,
          gammafunk_temple_overflow_forgotten, minmay_stone_trees_medium,
          minmay_misc_feat_enclosed
D:5:      wad_woods_tower, layout_basic, xom_redecorated,
          nicolae_uskayaw_en_pointe, temple_fountains, uniq_grinder
D:6:      layout_cave_pods, roderic_batcave, nrook_mini_vaults
Temple:   hellmonk_temple_rainy

Skill      XL: |  1  2  3  4  5  6 |
---------------+-------------------+-----
Dodging        | 1 2 3 |  3.2
Short Blades   | 2 3 4 5 |  5.0
Fighting       | 2 3 |  3.7
Throwing       | 2 |  2.0
Stealth        | 4 |  4.0
Spellcasting   | 1 |  1.3
Translocations | 1 |  1.4

Action                     |  1- 3 |  4- 6 |  7- 9 || total
---------------------------+-------+-------+-------++-------
  Melee: Dagger            |   186 |   271 |    25 ||   482
         Punch             |       |     3 |       ||     3
  Throw: Dart              |       |    56 |     4 ||    60
         Javelin           |       |     7 |       ||     7
    Use: Scroll            |     1 |     8 |       ||     9
         Potion            |       |     5 |     4 ||     9
   Stab: Sleeping          |    14 |     4 |       ||    18
         Distracted        |       |     2 |       ||     2
 Armour: Robe              |    52 |    46 |     5 ||   103
         Skin              |       |    11 |       ||    11
  Dodge: Dodged            |   122 |   134 |    24 ||   280

Table legend: (Time is in decaauts)
 A = Elapsed time spent in this place.
 B = Non-inter-level travel time spent in this place.
 C = Inter-level travel time spent in this place.
 D = Time resting spent in this place.
 E = Time spent auto-exploring this place.
 F = Levels seen in this place.
 G = Mean time per level.
                   A        B        C        D        E       F      G
               +--------+--------+--------+--------+--------+-----+--------+
         Total |   6995 |   6748 |    247 |   1533 |   3868 |   7 |  999.3 |
       Dungeon |   6922 |   6675 |    247 |   1487 |   3868 |   6 | 1153.7 |
        Temple |     72 |     72 |      0 |     46 |      0 |   1 |   72.0 |
               +--------+--------+--------+--------+--------+-----+--------+

Top non-repeatable levels by time:
     D:5: 1890 daAuts
     D:4: 1870 daAuts
     D:3: 1075 daAuts
     D:1: 1060 daAuts
     D:2: 874 daAuts
     D:6: 151 daAuts
  Temple: 72 daAuts
